 Dungeon Crawl Stone Soup version 0.27-a0-1391-g48c30b3128 (webtiles) character file.

Game seed: 4461862155495268460

83 Nattfarinn the Chopper (level 4, -4/41 HPs)
             Began as a Hill Orc Berserker on July 1, 2021.
             Was a Believer of Trog.
             Killed by divine providence
             ... invoked by an orc priest
              (13 damage)
             ... on level 3 of the Dungeon.
             The game lasted 00:02:25 (2173 turns).

Nattfarinn the Chopper (Hill Orc Berserker)         Turns: 2173, Time: 00:02:27

Health: -4/41      AC:  2    Str: 20    XL:     4   Next: 44%
Magic:  4/4        EV: 11    Int:  7    God:    Trog [**....]
Gold:   85         SH:  0    Dex: 10    Spells: 3/3 levels left

rFire    . . .     SeeInvis .   a - +0 hand axe
rCold    . . .     Faith    .   (no shield)
rNeg     . . .     Spirit   .   b - +0 animal skin
rPois    .         Reflect  .   (no helmet)
rElec    .         Harm     .   (no cloak)
rCorr    +         Rampage  .   (no gloves)
Will     ++...                  (no boots)
Stlth    +.........             g - amulet of regeneration
HPRegen  2.13/turn              h - ring of resist corrosion
MPRegen  0.09/turn              (no ring)

@: strong-willed (expiring), on berserk cooldown, regenerating (expiring),
slowed, very slow
A: no striking features
a: Renounce Religion, Convert to Beogh, Berserk, Trog's Hand


You were on level 3 of the Dungeon.
You worshipped Trog.
Trog was pleased with you.
You visited 1 branch of the dungeon, and saw 3 of its levels.

You collected 85 gold pieces.

Inventory:

Hand Weapons
 a - a +0 hand axe (weapon)
Armour
 b - a +0 animal skin (worn)
Jewellery
 g - an amulet of regeneration (around neck)
 h - a ring of resist corrosion (left hand)
Wands
 l - a wand of iceblast (7)
Scrolls
 c - 2 scrolls of magic mapping {unknown}
 d - a scroll of teleportation {unknown}
 f - 2 scrolls of identify {unknown}
Potions
 e - a potion of invisibility {unknown}
 i - a potion of lignification {unknown}
 j - a potion of might {unknown}
 k - a potion of magic {unknown}


   Skills:
 + Level 4.3 Fighting
 * Level 5.6 Axes
 + Level 3.1 Armour
 - Level 1.5 Dodging


You had 3 spell levels left.
You didn't know any spells.
Your spell library was empty.

Dungeon Overview and Level Annotations

Branches:
Dungeon (3/15)

Altars:


Message History

The orc priest hits you with a +0 hand axe of electrocution.
You are electrocuted!
You are too injured to fight recklessly!
You are too injured to fight recklessly!
You are too injured to fight recklessly!
You are too injured to fight recklessly!
You closely miss the orc priest.
The orc priest shouts, "Join the one true god or die!"
You slash the orc priest!
The orc priest threatens, "By the altar or by the axe, you will meet Beogh!"
The orc priest is heavily wounded.
The orc priest closely misses you.
You barely miss the orc priest.
The orc priest is heavily wounded.
You are no longer berserk.
You are exhausted.
You feel yourself slow down.
You hit the orc but do no damage. The orc closely misses you.
The orc priest misses you. The orc hits you with a +0 flail!
The orc priest shouts, "Surrender to Beogh and we'll let you live!"
The orc priest barely misses you.
You see here a +0 morningstar.
You hit the orc priest but do no damage.
The orc priest is heavily wounded.
You closely miss the orc.
You feel the effects of Trog's Hand fading.
The orc priest threatens, "By the altar or by the axe, you will meet Beogh!"
The orc hits you with a +0 flail.
The orc priest hits you with a +0 hand axe of electrocution.
You are electrocuted!
* * * LOW HITPOINT WARNING * * *
The orc barely misses you.
The orc priest shouts, "Surrender to Beogh and we'll let you live!"
You hit the orc priest.
The orc priest is severely wounded.
You barely miss the orc. The orc priest closely misses you.
The orc barely misses you.
The orc priest calls down the wrath of Beogh upon you.
Beogh smites you!
You die...

... ......o...$. ...##
............ .....##..... ....
.#......#.### #...
............# #..# ....#.....#
#..############# .#........# #
#S##..........#
#....##...#.####oo...........#
....<...........@............#
##.###.......................#
.....#..#.........####.#######
......#.#........## #.#
.................#####.#
.....†.................#
....................####
......................###
........................#


You could see an orc priest, an adder and an orc.

Vanquished Creatures
  3 adders (D:2)
  A worm (D:3)
  A dart slug (D:3)
  2 orcs
  3 bats
  4 endoplasms
  A giant cockroach (D:3)
  6 goblins
  6 hobgoblins
  7 kobolds
  2 quokkas
  3 ball pythons
  A frilled lizard (D:1)
  6 rats
46 creatures vanquished.

Notes
Turn   | Place    | Note
-------+----------+-------------------------------------------
     0 | D:1      | Nattfarinn the Hill Orc Berserker began the quest for the
                  | Orb.
     0 | D:1      | Reached XP level 1. HP: 19/19 MP: 1/1
   136 | D:1      | Found a faded altar of an unknown god.
   229 | D:1      | Reached XP level 2. HP: 20/27 MP: 2/2
  1213 | D:1      | Reached XP level 3. HP: 30/33 MP: 3/3
  1419 | D:2      | Reached skill level 5 in Axes
  1511 | D:2      | Reached ** piety under Trog
  1766 | D:2      | Reached XP level 4. HP: 25/40 MP: 4/4
  2173 | D:3      | Killed from afar by an orc priest

Illustrated notes

Levels and vault maps discovered:
D:1:      dpeg_arrival_boxorama, layout_loops_ring,
          ebering_ecumenical_altar_webs, grunt_decor_arrowhead
D:2:      layout_loops_ring, kennysheep_cluttered_room, hex_medium,
          minmay_cupped
D:3:      layout_rooms, minmay_strange_pillars

Skill      XL: |  1  2  3  4 |
---------------+-------------+-----
Fighting       | 4 |  4.3
Axes           | 5 |  5.6
Armour         | 3 |  3.1
Dodging        | |  1.5

Action                   |  1- 3 |  4- 6 || total
-------------------------+-------+-------++-------
Melee: Hand axe          |   117 |    35 ||   152
Invok: Berserk           |       |     3 ||     3
       Trog's Hand       |       |     1 ||     1
Armor: Animal skin       |    16 |     4 ||    20
Dodge: Dodged            |    72 |    18 ||    90

Table legend: (Time is in decaauts)
 A = Elapsed time spent in this place.
 B = Non-inter-level travel time spent in this place.
 C = Inter-level travel time spent in this place.
 D = Time resting spent in this place.
 E = Time spent auto-exploring this place.
 F = Levels seen in this place.
 G = Mean time per level.
                   A        B        C        D        E       F      G
               +--------+--------+--------+--------+--------+-----+--------+
         Total |   2196 |   2113 |     83 |    224 |   1581 |   3 |  732.0 |
       Dungeon |   2196 |   2113 |     83 |    224 |   1581 |   3 |  732.0 |
               +--------+--------+--------+--------+--------+-----+--------+

Top non-repeatable levels by time:
     D:1: 1383 daAuts
     D:2: 710 daAuts
     D:3: 102 daAuts
